 Dungeon Crawl Stone Soup version 0.30-a0-1018-g25214051b3 (webtiles) character file.

Game seed: 3497135197280468593

24686 Newt the Carver (level 13, 0/82 HPs)
             Began as a Kobold Hunter on Apr 7, 2023.
             Was a High Priest of Makhleb.
             Slain by a two-headed ogre
             ... wielding a +0 giant club
              (7 damage)
             ... on level 11 of the Dungeon.
             The game lasted 00:23:14 (14084 turns).

Newt the Carver (Kobold Hunter)                    Turns: 14084, Time: 00:23:15

Health: 0/82       AC: 12    Str: 12    XL:     13   Next: 44%
Magic:  20/20      EV: 15    Int: 12    God:    Makhleb [*****.]
Gold:   239        SH:  9    Dex: 21    Spells: 12/12 levels left

rFire   . . .      SeeInvis +    i - +4 demon blade (vamp)
rCold   . . .      Faith    .    n - +3 warlock's mirror {omnireflect}
rNeg    . . .      Spirit   .    c - +1 toga "Victory" {*Victory Int+1 Slay+1 Clar}
rPois   .          Reflect  +    (no helmet)
rElec   +          Rampage  .    l - +2 cloak {rCorr}
rCorr   +          Clarity  +    o - +1 pair of gloves
Will    +....                    S - +2 pair of boots
Stlth   +++                      d - amulet of regeneration
HPRegen 1.13/turn                y - ring of see invisible
MPRegen 0.17/turn                N - ring "Jonaewk" {Fly rElec Will+ Str+2}

@: flying
A: small, no large weapons, nightstalker 3, hooves 1, subdued magic 1
a: Renounce Religion, Minor Destruction, Lesser Servant of Makhleb, Major
Destruction, Greater Servant of Makhleb


You were on level 11 of the Dungeon.
You worshipped Makhleb.
Makhleb was extremely pleased with you.
You visited 2 branches of the dungeon, and saw 12 of its levels.
You also visited: Sewer and Bailey.

You collected 1243 gold pieces.
You spent 1004 gold pieces at shops.

Inventory:

Hand Weapons
 a - a +0 shortbow
 i - a +4 vampiric demon blade (weapon)
Missiles
 e - 2 throwing nets
 B - 6 boomerangs
 V - 22 poisoned darts
 W - a curare-tipped dart
Armour
 c - the +1 toga "Victory" (worn) {*Victory Int+1 Slay+1 Clar}
   (You found it on level 11 of the Dungeon)

   *Victory:  When the wearer kills a threatening monster, it has a chance to
   gain +1 AC, +1 Slay, and +1 Int, capping at +7.
   When the wearer uses a scroll or a potion with a hostile monster in sight,
   its bonuses reset to +0.
   Unequipping it also resets its bonuses to +0.
   Int:       It affects your intelligence (+1).
   Slay:      It affects your accuracy & damage with ranged weapons and melee
   (+1).
   Clar:      It protects you against confusion.
 l - a +2 cloak of preservation (worn)
 n - the +3 warlock's mirror (worn) {omnireflect}
   (You acquired it on level 3 of the Dungeon)

   Omnireflect: It can block and reflect piercing ranged attacks and magical
   attacks against the wielder's willpower.
 o - a +1 pair of gloves (worn)
 Q - a +4 troll leather armour
 S - a +2 pair of boots (worn)
 U - a scarf of repulsion
Jewellery
 d - an amulet of regeneration (around neck)
 y - a ring of see invisible (left hand)
 H - an amulet of guardian spirit
 J - a ring of fire
 L - an amulet of the acrobat
 N - the ring "Jonaewk" (right hand) {Fly rElec Will+ Str+2}
   (You acquired it in a bailey)

   [ring of flight]

   Str:       It affects your strength (+2).
   rElec:     It insulates you from electricity.
   Fly:       It grants you flight.
   Will:      It increases your willpower.
Wands
 r - a wand of roots (7)
 E - a wand of flame (15)
 K - a wand of polymorph (12)
 M - a wand of light (8)
Scrolls
 b - 4 scrolls of immolation
 p - a scroll of fog
 q - a scroll of silence
 u - a scroll of butterflies
 D - 3 scrolls of vulnerability
 R - a scroll of blinking {unknown}
 Y - 2 scrolls of teleportation
 Z - a scroll of brand weapon {unknown}
Potions
 f - a potion of lignification
 g - 3 potions of resistance {unknown}
 h - 2 potions of might
 s - 6 potions of flight
 t - 3 potions of magic
 x - 3 potions of ambrosia
 z - 3 potions of brilliance
 A - 3 potions of heal wounds
 C - 2 potions of mutation
 G - 7 potions of haste {unknown}
 I - 2 potions of attraction
 P - a potion of invisibility
 X - a potion of curing
Miscellaneous
 k - a phantom mirror
 m - a piece from Xom's chessboard (15/15)
 w - a tin of tremorstones (inert)
 O - a box of beasts (inert)


   Skills:
 - Level 10.0 Fighting
 + Level 10.9 Long Blades
 - Level 7.3 Ranged Weapons
 - Level 8.0 Armour
 - Level 2.4 Dodging
 - Level 1.3 Stealth
 - Level 6.0 Shields
 - Level 10.0 Invocations


You had 12 spell levels left.
You didn't know any spells.
Your spell library contained the following spells:

 Spells                   Type           Power      Damage    Failure   Level
 Magic Dart               Conj           0%         1d3       38%         1
 Blink                    Tloc           0%         N/A       52%         2
 Call Imp                 Summ           0%         N/A       52%         2
 Lesser Beckoning         Tloc           0%         N/A       52%         2
 Momentum Strike          Conj/Tloc      0%         3d8       52%         2
 Sublimation of Blood     Necr           0%         N/A       52%         2
 Wereblood                Tmut           0%         N/A       52%         2
 Dazzling Flash           Conj/Hex       0%         N/A       77%         3
 Frozen Ramparts          Ice            0%         1d1       77%         3
 Mephitic Cloud           Conj/Pois/Air  0%         N/A       77%         3
 Volatile Blastmotes      Fire/Tloc      0%         2d10      77%         3
 Anguish                  Hex/Necr       0%         N/A       99%         4
 Ice Form                 Ice/Tmut       0%         N/A       99%         4
 Iskenderun's Mystic Bla  Conj/Tloc      0%         2d3       99%         4
 Summon Ice Beast         Ice/Summ       0%         N/A       99%         4
 Starburst                Conj/Fire      0%         6d3       100%        6
 Enfeeble                 Hex            0%         N/A       100%        7
 Summon Hydra             Summ           0%         N/A       100%        7


Dungeon Overview and Level Annotations

Branches:
Dungeon (11/15)            Temple (1/1) D:4            Lair (0/5) D:8
    Orc (0/2) D:9           Sewer (visited)          Bailey (visited)

Altars:
Ashenzari
Cheibriados
Dithmenos
Elyvilon
Fedhas
Gozag
Hepliaklqana
Kikubaaqudgha
Makhleb
Nemelex Xobeh
Okawaru
Qazlal
Ru
Sif Muna
Trog
Uskayaw
Vehumet
Wu Jian
Xom
Yredelemnul
Zin
The Shining One

Shops:
D:2 [*   D:5 *   D:7 *   D:10 (   D:11 (

Annotations:
D:8 2 runed translucent doors
D:11 Snorg


Innate Abilities, Weirdness & Mutations

You are small and have problems with some larger weapons.
You are completely attuned to the shadows.
You have large cloven feet.
Your spells are a little easier to cast, but a little less powerful.


Message History

The two-headed ogre hits you with a +0 giant club!
You hit Snorg.
Snorg is almost dead.
You block Snorg's attack. Snorg barely misses you. Snorg claws you.
The orc priest misses you.
You barely miss Snorg.
Snorg is almost dead.
Snorg misses you. You block Snorg's attack. Snorg claws you!
You block the two-headed ogre's attack. The two-headed ogre closely misses you.
The orc priest closely misses you.
An orc wizard comes into view. It is wielding a +0 dagger.
Snorg barely misses you. Snorg closely misses you. Snorg claws you.
Unknown command.
You barely miss Snorg.
Snorg is almost dead.
The orc priest invokes the aid of Beogh against you.
Beogh smites you! The two-headed ogre barely misses you.
The two-headed ogre hits you with a +0 giant club!
* * * LOW HITPOINT WARNING * * *
An orc comes into view. It is wielding a +0 dagger.
You hear a shout! x2
Unknown command.
You slice the two-headed ogre!!
The two-headed ogre is heavily wounded.
You hear a shout!
Unknown command.
Unknown command.
The tremorstone explodes into fragments!
The burst of rock shards engulfs the orc!!
You kill the orc!
Makhleb accepts your kill. x2
You feel better.
You feel a bit more experienced.
The tin is emptied!
Snorg shouts!
Snorg is no longer blind.
Snorg bites you!!
* * * LOW HITPOINT WARNING * * *
You block Snorg's attack. Snorg barely misses you.
The orc priest looks braver for a moment.
The two-headed ogre barely misses you.
The two-headed ogre hits you with a +0 giant club!
You die...

######## #......#
.......######......#
######............
######.#....#
#.#....# #.....#.##o
#.#..#.#...
#.#..##T..)
#.#.#.@O.!.
#......o...
##...###### #####


You could see Snorg (berserk), a two-headed ogre, an orc priest and an orc
wizard.

Vanquished Creatures
  8 two-headed ogres
  3 death yaks (D:8)
  A skeletal warrior (D:8)
  Pikel (D:7)
  A deep troll (D:10)
  An orc knight (D:9)
  A deep elf pyromancer (D:11)
  A spectral centaur (D:11)
  2 cyclopes
  A centaur zombie (D:11)
  Maggie (D:8)
  A gargoyle (D:11)
  5 kobold demonologists
  A centaur skeleton (D:11)
  An unseen horror (D:11)
  3 trolls
  The ghost of puppykicker the Charlatan, an amateur DsAr (D:4)
  2 hornets
  2 shadows
  Sigmund (D:5)
  3 yaks (D:9)
  2 wyverns
  Eustachio (D:6)
  4 wraiths
  3 steam dragons (D:8)
  Grum (D:9)
  Edmund (D:6)
  2 vampire mosquitoes (D:10)
  9 wargs (D:9)
  2 hell hounds (D:9)
  9 orc warriors
  2 ice beasts
  A sky beast (D:8)
  3 black bears
  3 wolves (D:9)
  An ogre (D:6)
  3 phantoms
  A centaur (D:8)
  A lemure (D:7)
  5 kobold brigands (D:9)
  2 bullfrogs (D:8)
  A gnoll sergeant (D:9)
  7 scorpions
  13 wights
  8 killer bees
  7 howler monkeys
  4 hounds
  2 jellies
  9 orc priests
  2 sleepcaps
  7 gnoll boudas
  3 iguanas
  Natasha (twice) (D:3)
  15 orc wizards
  A hell rat (D:8)
  2 howler monkey zombies (D:11)
  30 gnolls
  13 adders
  5 river rats
  A shadow imp (D:8)
  2 ufetubi
  7 worms
  3 dart slugs (D:1)
  61 orcs
  14 endoplasms
  9 giant cockroaches
  12 goblins
  8 hobgoblins
  16 jackals
  9 kobolds
  12 quokkas
  10 ball pythons
  11 bats
  3 frilled lizards
  4 rats
410 creatures vanquished.

Vanquished Creatures (collateral kills)
  A two-headed ogre (D:9)
  An orc warrior (D:9)
  A killer bee (D:9)
  Crazy Yiuf (D:2)
4 creatures vanquished.

Vanquished Creatures (others)
  An orc priest (D:9)
  An orc wizard (D:3)
  An orc (D:3)
  A fungus (D:9)
  27 plants
31 creatures vanquished.

Grand Total: 445 creatures vanquished

Notes
Turn   | Place    | Note
-------+----------+-------------------------------------------
     0 | D:1      | Newt the Kobold Hunter began the quest for the Orb.
     0 | D:1      | Reached XP level 1. HP: 12/12 MP: 1/1
   109 | D:1      | Reached XP level 2. HP: 6/18 MP: 2/2
   271 | D:1      | Found a faded altar of an unknown god.
   283 | D:1      | Reached XP level 3. HP: 21/23 MP: 3/3
   874 | D:2      | Identified a scroll of acquirement
   874 | D:2      | Acquired 425 gold pieces
   881 | D:2      | Found Jiblapn's General Store.
   997 | D:2      | Noticed a phantom
  1008 | D:2      | Killed a phantom
  1009 | D:2      | Reached skill level 5 in Fighting
  1009 | D:2      | Reached XP level 4. HP: 15/31 MP: 4/4
  1009 | D:2      | Reached XP level 5. HP: 17/35 MP: 5/5
  1296 | D:2      | Found a runed translucent door.
  1299 | D:2      | Noticed Crazy Yiuf
  1331 | D:2      | Found Gaobok's Armour Shoppe.
  1953 | D:2      | Bought an orb of light for 192 gold pieces
  1996 | D:2      | Bought a phantom mirror for 400 gold pieces
  2063 | D:2      | Killed Crazy Yiuf
  2150 | D:3      | Reached XP level 6. HP: 40/40 MP: 6/6
  2202 | D:3      | Noticed Natasha
  2205 | D:3      | Killed Natasha
  2206 | D:3      | Reached skill level 1 in Long Blades
  2237 | D:3      | Acquired the +3 warlock's mirror {omnireflect}
  2237 | D:3      | Found the +3 warlock's mirror {omnireflect}
  2410 | D:3      | Found a broken altar of Ashenzari.
  2825 | D:3      | Noticed Natasha
  2831 | D:3      | Killed Natasha
  3447 | D:4      | Noticed a black bear
  3462 | D:4      | Killed a black bear
  3463 | D:4      | Reached XP level 7. HP: 34/44 MP: 7/7
  3713 | D:4      | Found a glowing drain.
  3722 | Sewer    | Entered a sewer
  4619 | D:4      | Found a runed translucent door.
  4619 | D:4      | Noticed puppykicker's ghost (amateur DsAr)
  4815 | D:4      | HP: 2/44 [gnoll/+0 halberd[a gnoll bouda] (7)]
  5053 | D:4      | Found a staircase to the Ecumenical Temple.
  5060 | Temple   | Entered the Ecumenical Temple
  5213 | Temple   | Became a worshipper of Makhleb the Destroyer
  5255 | D:4      | Found a snail-covered altar of Cheibriados.
  5283 | D:4      | Reached XP level 8. HP: 49/49 MP: 8/8
  5298 | D:4      | Reached skill level 5 in Long Blades
  5596 | D:4      | Killed puppykicker's ghost
  5622 | D:5      | Entered Level 5 of the Dungeon
  5723 | D:5      | Found Ewisk's Assorted Antiques.
  5734 | D:5      | Reached * piety under Makhleb
  5930 | D:5      | Noticed Sigmund
  5933 | D:5      | Reached XP level 9. HP: 54/54 MP: 9/9
  5935 | D:5      | Killed Sigmund
  6390 | D:6      | Found an opulent altar of Gozag.
  6401 | D:6      | Found an ancient bone altar of Kikubaaqudgha.
  6401 | D:6      | Found a sacrificial altar of Ru.
  6655 | D:6      | Noticed Eustachio
  6656 | D:6      | Noticed Edmund
  6682 | D:6      | Killed Edmund
  6682 | D:6      | Reached ** piety under Makhleb
  6708 | D:6      | Killed Eustachio
  6838 | D:6      | Reached XP level 10. HP: 57/59 MP: 10/10
  6892 | D:5      | Bought a jewelled ring mail for 225 gold pieces
  6892 | D:5      | Identified the +3 ring mail of Theory {Rampage Str-3 Dex+3}
                  | (You bought it in a shop on level 5 of the Dungeon)
  7173 | D:7      | Reached skill level 10 in Long Blades
  7189 | D:7      | Reached skill level 1 in Armour
  7280 | D:7      | Noticed Pikel
  7300 | D:7      | Killed Pikel
  8034 | D:8      | Noticed a death yak
  8047 | D:8      | Noticed a death yak
  8049 | D:8      | Noticed a death yak
  8070 | D:8      | Killed a death yak
  8071 | D:8      | Reached skill level 5 in Armour
  8109 | D:8      | Killed a death yak
  8117 | D:8      | Killed a death yak
  8118 | D:8      | Reached skill level 5 in Shields
  8118 | D:8      | Reached XP level 11. HP: 63/63 MP: 11/11
  8276 | D:8      | Noticed Maggie
  8282 | D:8      | Killed Maggie
  8298 | D:8      | Found a staircase to the Lair.
  8490 | D:8      | Found a large runed translucent door.
  8490 | D:8      | Found a large runed translucent door.
  8493 | D:8      | Reached *** piety under Makhleb
  8521 | D:8      | Noticed a cyclops
  8522 | D:8      | Found a large runed translucent door.
  8552 | D:8      | Found a large runed translucent door.
  8561 | D:8      | Paralysed by a hornet for 1 turns
  8591 | D:8      | Noticed a skeletal warrior
  8609 | D:8      | Killed a skeletal warrior
  8914 | D:8      | Noticed a two-headed ogre
  8924 | D:8      | Killed a two-headed ogre
  8927 | D:8      | Reached skill level 1 in Invocations
  9143 | D:8      | Killed a cyclops
  9237 | D:9      | Gained mutation: You have large cloven feet. [potion of
                  | mutation]
  9237 | D:9      | Gained mutation: Your spells are a little easier to cast,
                  | but a little less powerful. [potion of mutation]
  9287 | D:9      | Noticed a two-headed ogre
  9294 | D:9      | Killed a two-headed ogre
  9295 | D:9      | Reached skill level 5 in Invocations
  9412 | D:9      | Reached XP level 12. HP: 73/73 MP: 15/17
  9420 | D:9      | Found a flagged portal.
  9430 | Bailey   | Entered a bailey
  9513 | Bailey   | Reached **** piety under Makhleb
  9891 | Bailey   | Acquired the ring "Jonaewk" {Fly rElec Will+ Str+2}
 10065 | D:9      | Noticed Grum
 10081 | D:9      | Killed Grum
 10130 | D:9      | Found a bloodstained altar of Trog.
 10198 | D:9      | Found a shimmering altar of Xom.
 10223 | D:9      | Found a staircase to the Orcish Mines.
 10392 | D:5      | Bought a pair of runed gloves for 187 gold pieces
 10570 | D:7      | Found Xayrghor's General Store.
 11041 | D:9      | Found a hide-covered altar of Uskayaw.
 11054 | D:9      | Noticed a two-headed ogre
 11069 | D:9      | Killed a two-headed ogre
 11069 | D:9      | Reached ***** piety under Makhleb
 11168 | D:9      | Noticed a two-headed ogre
 11177 | D:9      | Killed a two-headed ogre
 11178 | D:9      | Reached skill level 10 in Invocations
 11184 | D:9      | Noticed a two-headed ogre
 11397 | D:9      | Noticed a two-headed ogre
 11408 | D:9      | Killed a two-headed ogre
 11432 | D:9      | Noticed a two-headed ogre
 11441 | D:9      | Killed a two-headed ogre
 11812 | D:9      | Killed a two-headed ogre
 11813 | D:9      | Reached XP level 13. HP: 41/78 MP: 20/20
 12065 | D:10     | Entered Level 10 of the Dungeon
 12547 | D:10     | Found Sesateze's Antique Weapon Emporium.
 13335 | D:11     | Reached skill level 10 in Fighting
 13636 | D:11     | Found Weagh's Weapon Shop.
 13771 | D:11     | Found the +0 toga "Victory" {*Victory Clar}
 14068 | D:11     | Noticed Snorg
 14084 | D:11     | Slain by a two-headed ogre

Illustrated notes

Levels and vault maps discovered:
D:1:      minmay_arrival_arboretum_small, layout_basic,
          nicolae_ecumenical_snake_handling, chequers_serial_rivers_room_b
D:2:      layout_basic, serial_shops, shop, shop_coins,
          kennysheep_generic_room_15, uniq_crazy_yiuf_cottage
D:3:      wad_lake_hut, layout_basic, ashenzari_altar_1, minmay_between,
          uniq_natasha
D:4:      layout_basic, mainiacjoe_overflow_alcove_2,
          minmay_temple_entry_offerings, portal_sewer_entry_f,
          gammafunk_ghost_grave, st_stairs_5, cheibrodos_gnoll_hut
D:5:      layout_loops_ring, serial_shops, shop_fountains,
          mumra_transporter_accident, uniq_sigmund
D:6:      layout_cave_pools, chequers_temple_overflow_statue_of_worship,
          uniq_eustachio, uniq_edmund
D:7:      layout_basic, serial_shops, kennysheep_mini, uniq_pikel
D:8:      layout_loops_ring, dpeg_lair_monsters, chequers_serial_rivers_micro_e,
          chequers_serial_rivers_room_a, minmay_hollow_rounded_squares,
          uniq_maggie
D:9:      lemuel_castle_with_subvaults [lemuel_castle_interior_carwin_3],
          layout_irregular_city, general_overflow_altar,
          nicolae_uskayaw_murder_on_the_dancefloor,
          mainiacjoe_overflow_brackets, minmay_orc_entry_temple_small,
          enter_bailey_3, uniq_grum
D:10:     dreamdust_cave_troll, layout_irregular_city, serial_shops,
          nicolae_lakefront_shop
D:11:     layout_loops_ring, serial_shops, nicolae_shop_bloodbath_and_beyond,
          grunt_decor_clamped, hangedman_weighted_door,
          minmay_misc_feat_secret_circle, minmay_diced_spiral, uniq_snorg,
          uniq_urug
Temple:   nicolae_temple_superstar

Skill      XL: |  1  2  3  4  5  6  7  8  9 10 11 12 13 |
---------------+----------------------------------------+-----
Fighting       | 3 5 8 10 | 10.0
Ranged Weapons | 6 7 |  7.3
Long Blades    | 3 4 7 9 10 | 10.9
Armour         | 5 7 8 |  8.0
Shields        | 5 6 |  6.0
Invocations    | 6 10 | 10.0
Dodging        | |  2.4
Stealth        | |  1.3

Action                     |  1- 3 |  4- 6 |  7- 9 | 10-12 | 13-15 || total
---------------------------+-------+-------+-------+-------+-------++-------
  Melee: Demon blade       |       |    91 |   337 |   703 |   186 ||  1317
         Kick              |       |       |       |    68 |       ||    68
   Fire: Shortbow          |   100 |    45 |       |       |       ||   145
 Invoke: Major Destruction |       |       |       |       |     1 ||     1
  Evoke: Phantom mirror    |       |     1 |     1 |     1 |       ||     3
         Tin of tremorston |       |       |     1 |     2 |     1 ||     4
         Box of beasts     |       |       |       |     1 |       ||     1
         Wand              |       |       |       |       |     1 ||     1
    Use: Scroll            |     1 |     5 |     3 |    13 |     4 ||    26
         Potion            |       |       |     3 |     6 |     2 ||    11
   Stab: Sleeping          |       |     4 |    18 |    13 |     3 ||    38
         Distracted        |       |       |     1 |     1 |       ||     2
         Invisible         |       |       |       |     2 |     2 ||     4
 Armour: Leather armour    |    14 |    32 |   111 |       |       ||   157
         Ring mail         |       |       |       |    96 |       ||    96
         Troll leather arm |       |       |       |    75 |    65 ||   140
         Robe              |       |       |       |       |     2 ||     2
  Dodge: Dodged            |    49 |    79 |   254 |   344 |   117 ||   843
  Block: Buckler           |       |    37 |   166 |   286 |    97 ||   586
         Reflection        |       |     1 |     2 |     9 |     1 ||    13

Table legend: (Time is in decaauts)
 A = Elapsed time spent in this place.
 B = Non-inter-level travel time spent in this place.
 C = Inter-level travel time spent in this place.
 D = Time resting spent in this place.
 E = Time spent auto-exploring this place.
 F = Levels seen in this place.
 G = Mean time per level.
                   A        B        C        D        E       F      G
               +--------+--------+--------+--------+--------+-----+--------+
         Total |  14317 |  13565 |    752 |   1569 |   9145 |  14 | 1022.6 |
       Dungeon |  12701 |  11961 |    740 |   1269 |   8260 |  11 | 1154.6 |
        Temple |    160 |    149 |     11 |      0 |    133 |   1 |  160.0 |
         Sewer |    877 |    877 |      0 |      0 |    616 |   1 |  877.0 |
        Bailey |    578 |    578 |      0 |    300 |    135 |   1 |  578.0 |
               +--------+--------+--------+--------+--------+-----+--------+

Top non-repeatable levels by time:
     D:9: 1786 daAuts
     D:8: 1726 daAuts
     D:3: 1479 daAuts
     D:4: 1295 daAuts
     D:2: 1268 daAuts
    D:10: 1116 daAuts
     D:1: 896 daAuts
     D:5: 880 daAuts
   Sewer: 877 daAuts
    D:11: 877 daAuts
     D:7: 772 daAuts
     D:6: 603 daAuts
  Bailey: 578 daAuts
  Temple: 160 daAuts
